AoeStats
← ITA | MarknighT

Black Forest

506414366Analyzed
1v1 RM · 20d ago on Sep 13, 2026· 53m 4s· 2 players
Game mode
Random Map
Map size
Tiny (2 player)
Population
200
Speed
Normal
Resources
Standard
Victory
Conquest
Starting age
Dark Age
Ending age
Imperial Age
RankedLock teamsTeams togetherTeam positionsShared explorationLock speedFull tech treeHidden civsTurbo modeCheats
Victory
Defeat
🇦🇷 Vietnamese · Argentina
2024
+12
🇮🇹 Dravidians · Italy
1936
-12
ITA | MarknighT
0:50 Loom
10:33 Feudal Age
11:16 Double-Bit Axe
11:14 Horse Collar
11:48 Man-at-Arms
14:17 Arson
22:20 Castle Age
21:08 Gold Mining
23:17 Fletching
23:32 Scale Mail Armor
28:38 Imperial Age
26:59 Padded Archer Armor
27:15 Town Watch
28:41 Leather Archer Armor
30:21 Chemistry
29:41 Bow Saw
32:05 Wheelbarrow
34:07 Fletching
37:47 Bodkin Arrow
40:15 Bracer
40:46 Conscription
44:08 Masonry
44:02 Heavy Plow
45:09 Elite Skirmisher
47:03 Hand Cart
49:53 Ring Archer Armor
50:11 Husbandry
49:33 Light Cavalry
50:42 Scale Barding Armor
51:34 Scale Barding Armor
52:37 Chain Barding Armor
53:47 Forging
PNAL | Ciruja
11:39 Feudal Age
11:12 Loom
12:13 Double-Bit Axe
12:09 Horse Collar
13:19 Wheelbarrow
15:27 Fletching
21:11 Castle Age
21:23 Gold Mining
22:13 Bow Saw
23:43 Bodkin Arrow
23:58 Bodkin Arrow
24:04 Padded Archer Armor
24:14 Stone Mining
24:35 Bow Saw
24:27 Heavy Plow
24:47 Hand Cart
31:08 Imperial Age
29:34 Town Watch
29:57 Scale Mail Armor
32:54 Chemistry
31:59 Bracer
33:14 Ballistics
38:59 Leather Archer Armor
40:51 Arrowslits
41:18 Siege Engineers
41:55 Ballistics
44:16 Ring Archer Armor
44:23 Crossbowman
45:15 Thumb Ring
45:06 Arbalester
45:13 Arbalester
45:15 Elite Skirmisher
47:04 Crop Rotation
46:18 Imperial Skirmisher
51:01 Chatras
51:26 Paper Money
50:48 Pikeman
Connection lost

Rejoining the realm…

Still unreachable

The connection could not be restored.

Session expired

The server has moved on; the page needs a fresh start.